 Dungeon Crawl Stone Soup version 0.30.0-29-ga12c61a403 (webtiles) character file.

Game seed: 15859120857741060898

1607 LustLizard the Ruffian (level 8, 0/55 HPs)
             Began as an Octopode Berserker on June 14, 2023.
             Was an Elder of Trog.
             Slain by a centaur (4 damage)
             ... on level 6 of the Dungeon on June 15, 2023.
             The game lasted 00:09:49 (7036 turns).

LustLizard the Ruffian (Octopode Berserker)         Turns: 7036, Time: 00:09:50

Health: 0/55       AC:  1    Str: 24    XL:     8   Next: 95%
Magic:  8/8        EV: 14    Int: 16    God:    Trog [****..]
Gold:   463        SH:  0    Dex: 11    Spells: 7/7 levels left

rFire   . .          .
                       - Unarmed
rCold   . . .        (no shield)
rNeg    . . .        (helmet restricted)
rPois   .            (no amulet)
rElec   .            j - +6 ring of intelligence
rCorr   .            d - +6 ring of strength
SInv    .            (no ring)
Will    .....        (no ring)
Stlth   ++++         (no ring)
HPRegen 0.29/turn    (no ring)
MPRegen 0.11/turn    (no ring)
                     (no ring)

%: no passive effects
@: no status effects
A: almost no armour, amphibious, 8 rings, camouflage 1, gelatinous body 1,
(nimble swimmer 1), tentacles
a: Renounce Religion, Berserk, Trog's Hand, Brothers in Arms


You were on level 6 of the Dungeon.
You worshipped Trog.
Trog was greatly pleased with you.
You visited 1 branch of the dungeon, and saw 6 of its levels.
You also visited: Sewer.

You collected 463 gold pieces.

Inventory:

Missiles
 b - a throwing net
 g - 6 boomerangs
 s - 22 stones (quivered)
Jewellery
 d - a +6 ring of strength (right tentacle)
 j - a +6 ring of intelligence (left tentacle)
 y - an amulet of faith
Wands
 e - a wand of roots (10)
 k - a wand of flame (6)
 m - a wand of charming (4)
 p - a wand of digging (5)
Scrolls
 c - a scroll of fog {unknown}
 f - 6 scrolls of teleportation
 l - 2 scrolls of fear {unknown}
 o - a scroll of brand weapon {unknown}
 r - a scroll of poison
 v - 2 scrolls of blinking {unknown}
 x - a scroll of enchant armour
 A - a scroll of torment {unknown}
 B - a scroll of amnesia {unknown}
Potions
 a - 4 potions of curing
 h - 2 potions of mutation
 i - 2 potions of might
 n - a potion of resistance
 q - a potion of magic
 t - a potion of invisibility
 u - a potion of lignification
 w - 4 potions of heal wounds
 z - a potion of haste


   Skills:
 + Level 5.0 Fighting
 * Level 5.5 Throwing
 + Level 5.1 Dodging
 + Level 5.7 Stealth
 * Level 6.6 Unarmed Combat


You had 7 spell levels left.
You didn't know any spells.
Your spell library was empty.

Dungeon Overview and Level Annotations

Branches:
Dungeon (6/15)             Temple (0/1) D:5           Sewer (visited)

Altars:
Hepliaklqana
Trog
Uskayaw


Innate Abilities, Weirdness & Mutations

You cannot wear most types of armour.
You are amphibious.
You can wear up to eight rings at the same time.
Your skin changes colour to match your surroundings (Stealth+).
Your rubbery body absorbs attacks. (AC +1, EV +1)
((You are camouflaged when in or above water. (Stealth+)))
You have tentacles for arms and can constrict up to eight enemies at once.


Message History

s - 22 stones (gained 3)
f - 6 scrolls of teleportation (gained 3)
You now have 463 gold pieces (gained 16).
Items here: ( )) [ รท.
A kobold is nearby!
The kobold throws a poisoned dart.
The poisoned dart misses you.
A centaur comes into view.
The centaur shouts!
You tentacle-slap the kobold.
You kill the kobold!
Trog accepts your kill.
The centaur wields a +1 shortbow of flaming.
It bursts into flame!
The centaur shoots an arrow.
The arrow hits you! The arrow burns you.
The centaur shoots an arrow.
The arrow hits you! The arrow burns you.
The centaur shoots an arrow.
The arrow hits you!
* * * LOW HITPOINT WARNING * * *
The arrow burns you.
* * * LOW HITPOINT WARNING * * *
Found a hazy altar of Hepliaklqana.
The centaur shoots an arrow.
The arrow completely misses you.
The centaur shoots an arrow.
The arrow closely misses you.
The centaur unwields a +1 shortbow of flaming.
It stops flaming.
The centaur completely misses you. The centaur kicks you.
* * * LOW HITPOINT WARNING * * *
Okay, then.
You bludgeon the centaur!
The centaur is moderately wounded.
The centaur hits you.
* * * LOW HITPOINT WARNING * * *
The centaur closely misses you.
You bludgeon the centaur!
The centaur is severely wounded.
The centaur hits you.
* * * LOW HITPOINT WARNING * * *
The centaur barely misses you.
You tentacle-slap the centaur.
The centaur is almost dead.
The centaur hits you.
You die...

#.# .#.###.#######
#.# #.#.# #.# #.# #
#.#.# #.# #.# ..
#.#)###.######
...###
#.#...........
......##.#.##.######
.........####..#....
##c..).......#
#@.#..####...#
#.....##..# ...#
....._......# ...#
.##.....##..# ...#
#..#.#..#..# ...#
...##.##..... ...#
#.. .. ...## ## #..
....


You could see a centaur.

Vanquished Creatures
  An ice beast (D:6)
  An ogre (D:5)
  A centaur (D:5)
  2 kobold brigands
  2 bullfrogs (D:6)
  3 scorpions (D:5)
  3 wights (D:6)
  2 howler monkeys
  A jelly (D:6)
  3 hounds (D:5)
  A gnoll bouda (D:4)
  Jessica (D:2)
  An iguana (D:6)
  3 sleepcaps
  2 orc wizards
  Robin (D:4)
  9 gnolls
  9 adders
  A white imp (D:5)
  2 ufetubi
  5 worms
  15 orcs
  14 ball pythons
  9 endoplasms
  5 giant cockroaches
  10 goblins
  10 hobgoblins
  2 jackals (D:5)
  2 quokkas
  8 bats
  22 kobolds
  11 rats
162 creatures vanquished.

Notes
Turn   | Place    | Note
-------+----------+-------------------------------------------
     0 | D:1      | LustLizard the Octopode Berserker began the quest for the
                  | Orb.
     0 | D:1      | Reached XP level 1. HP: 16/16 MP: 1/1
   425 | D:1      | Found a faded altar of an unknown god.
   806 | D:1      | Reached XP level 2. HP: 21/21 MP: 2/2
   925 | D:1      | Reached skill level 1 in Stealth
  1073 | D:1      | Found a hide-covered altar of Uskayaw.
  1397 | D:2      | Noticed Jessica
  1403 | D:2      | Reached XP level 3. HP: 26/26 MP: 3/3
  1406 | D:2      | Killed Jessica
  1407 | D:2      | Reached skill level 1 in Throwing
  1666 | D:2      | Reached XP level 4. HP: 31/31 MP: 4/4
  2279 | D:3      | Reached ** piety under Trog
  2691 | D:3      | Noticed a moth of wrath
  2694 | D:3      | Found a bloodstained altar of Trog.
  2951 | D:4      | Reached XP level 5. HP: 33/36 MP: 5/5
  2968 | D:4      | Reached skill level 4 in Unarmed Combat
  3172 | D:4      | Reached XP level 6. HP: 27/43 MP: 6/6
  3214 | D:4      | Found a glowing drain.
  3232 | Sewer    | Entered a sewer
  3373 | Sewer    | Reached *** piety under Trog
  3442 | Sewer    | HP: 1/43 [kobold/+0 whip (5)]
  3837 | D:4      | Noticed Robin
  3855 | D:4      | Killed Robin
  4279 | D:5      | Entered Level 5 of the Dungeon
  4294 | D:5      | Reached skill level 5 in Unarmed Combat
  4294 | D:5      | Reached XP level 7. HP: 46/48 MP: 7/7
  4303 | D:5      | Found a staircase to the Ecumenical Temple.
  4863 | D:5      | Reached XP level 8. HP: 45/54 MP: 8/8
  5498 | D:6      | Reached **** piety under Trog
  5647 | D:6      | Reached skill level 6 in Unarmed Combat
  5758 | D:6      | Reached skill level 5 in Stealth
  5849 | D:6      | Reached skill level 5 in Throwing
  6717 | D:6      | Reached skill level 5 in Dodging
  6769 | D:6      | HP: 2/53 [something (8)]
  6774 | D:6      | Reached skill level 5 in Fighting
  7031 | D:6      | Found a hazy altar of Hepliaklqana.
  7036 | D:6      | Slain by a centaur

Illustrated notes

Levels and vault maps discovered:
D:1:      dpeg_arrival_lava_altar, layout_basic,
          hellmonk_ecumenical_altar_blasted
D:2:      layout_loops_corners, minmay_misc_feat_five, uniq_jessica
D:3:      layout_basic, tgw_trog
D:4:      layout_cave_pods, portal_sewer_entry_d, minmay_between, uniq_robin
D:5:      layout_cave_pools, temple_statues,
          hangedman_abyss_or_decor_jellyfish_corner,
          minmay_fractal_squares_diagonal_5
D:6:      layout_basic, mainiacjoe_overflow_small_starburst,
          fedhas_bush_and_centaur_altar

Skill      XL: |  1  2  3  4  5  6  7  8 |
---------------+-------------------------+-----
Stealth        | 1 2 3 4 5 |  5.7
Throwing       | 1 2 3 4 5 |  5.5
Unarmed Combat | 4 5 6 |  6.6
Fighting       | 4 5 |  5.0
Dodging        | 4 5 |  5.1

Action                     |  1- 3 |  4- 6 |  7- 9 || total
---------------------------+-------+-------+-------++-------
  Melee: Unarmed           |    43 |   183 |   121 ||   347
         Tentacles         |     7 |    46 |    25 ||    78
         Punch             |     1 |     5 |     5 ||    11
         Constrict         |     9 |    55 |    26 ||    90
  Throw: Stone             |       |       |     9 ||     9
 Invoke: Berserk           |       |     2 |     1 ||     3
    Use: Scroll            |       |     9 |     5 ||    14
         Potion            |       |     2 |     2 ||     4
   Stab: Sleeping          |     7 |    14 |     9 ||    30
 Armour: Skin              |     1 |    14 |     9 ||    24
  Dodge: Dodged            |    15 |   119 |    75 ||   209
